 Dungeon Sprint DCSS version 0.21.1-1-g345015f (webtiles) character file.

2200000 Fang the Axe Maniac (level 17, -2/191 HPs)
             Began as a Minotaur Gladiator on June 4, 2018.
             Was a Priest of Makhleb.
             Slain by a destroyer
             ... wielding a +9 great sword of slicing
              (31 damage)
             ... in the Dungeon (Sprint VIII: "Arena of Blood").
             The game lasted 00:00:16 (22 turns).

Fang the Axe Maniac (Minotaur Gladiator)              Turns: 22, Time: 00:00:17

Health: -2/191     AC:  5    Str: 25    XL:     17   Next: 15%
Magic:  16/16      EV: 29    Int:  5    God:    Makhleb [***...]
Gold:   0          SH:  0    Dex: 13    Spells: 16/16 levels left

rFire    . . .     SeeInvis .   l - +∞ Axe of Woe
rCold    . . .     Gourm    .   (shield currently unavailable)
rNeg     . . .     Faith    .   b - +0 leather armour
rPois    .         Spirit   .   c - +0 hat
rElec    .         Reflect  .   (no cloak)
rCorr    .         Harm     .   (no gloves)
MR       +....     NoTele   +   (no boots)
Stlth    +.........             (no amulet)
HPRegen  0.41/turn              (no ring)
MPRegen  0.15/turn              (no ring)

@: no status effects
A: retaliatory headbutt, horns 2
a: Minor Destruction, Lesser Servant of Makhleb, Renounce Religion


You were in the Dungeon.
You worshipped Makhleb.
Makhleb was most pleased with you.
You were not hungry.

You visited 1 branch

Inventory:

Hand Weapons
 a - a +0 war axe
 l - the +∞ Axe of Woe (weapon)
   (You found it in the Dungeon)
Missiles
 d - 3 throwing nets (quivered)
Armour
 b - a +0 leather armour (worn)
 c - a +0 hat (worn)
Scrolls
 k - a scroll of blinking
Potions
 e - a potion of curing
 g - a potion of heal wounds
 h - a potion of haste
 i - 2 potions of magic
 j - a potion of berserk rage
Comestibles
 f - a ration


   Skills:
 O Level 27 Fighting
 O Level 27 Axes
 O Level 27 Throwing
 + Level 17.2 Armour
 O Level 27 Dodging


You had 16 spell levels left.
You didn't know any spells.

Dungeon Overview and Level Annotations

Branches:
Dungeon (1/1)

Altars:
Makhleb


Innate Abilities, Weirdness & Mutations

You reflexively headbutt those who attack you in melee.
You have a pair of horns on your head.


Message History

The destroyer appears out of thin air!
A destroyer comes into view.
It is wielding a +9 great sword of slicing.
You hear a shout! x2
The meat berserker hits you with a +9 battleaxe!!!!
The destroyer shouts!
You hear a shout!
You slice the meat berserker!!
You cleave the meat berserker in twain.
You kill the meat berserker!
Makhleb accepts your kill.
You feel better.
You have mastered Throwing!
Your Armour skill gained 17 levels and is now at level 17!
You have reached level 17!
You hear a shout! x7
You hear a shout! x5
The bag of meat hits you with a +9 war axe!!
You hear a shout! x6
The destroyer hits you with a +9 great sword of slicing!!!!
Ouch! That really hurt!
* * * LOW HITPOINT WARNING * * *
You die...

#... ..# . #...
...# ..###...
...###. .
......###........
....._.........
#)....# ....
#_.<)_# .....
...#)))..#......
.......)_.@o......
.......###OV......
..###... ...###...
. #.....o.# .
#.....Oo#
.......oo
........oo.
..........


You could see a destroyer, a large bag of meat (inner flame), a meat berserker
(berserk) and 7 bags of meat.

Vanquished Creatures
  3 ogres (D)
  6 orcs (D)
9 creatures vanquished.

Notes
Turn   | Place    | Note
-------+----------+-------------------------------------------
     0 | D        | Found the +∞ Axe of Woe
     0 | D        | Fang the Minotaur Gladiator began the quest for the Orb.
     0 | D        | Reached XP level 1. HP: 18/18 MP: 0/0
     3 | D        | Noticed a bag of meat
     4 | D        | Became a worshipper of Makhleb the Destroyer
     5 | D        | Noticed a bag of meat
     7 | D        | Noticed a meat berserker
     8 | D        | Noticed a bag of meat
     8 | D        | Killed a meat berserker
     8 | D        | Reached XP level 2. HP: 45/45 MP: 1/1
     8 | D        | Reached XP level 3. HP: 51/51 MP: 2/2
     8 | D        | Reached XP level 4. HP: 59/59 MP: 3/3
     8 | D        | Reached XP level 5. HP: 66/66 MP: 4/4
     8 | D        | Reached XP level 6. HP: 73/73 MP: 5/5
     8 | D        | Reached XP level 7. HP: 80/80 MP: 6/6
     8 | D        | Reached XP level 8. HP: 88/88 MP: 7/7
     8 | D        | Reached XP level 9. HP: 94/94 MP: 8/8
     8 | D        | Reached XP level 10. HP: 102/102 MP: 9/9
     8 | D        | Reached XP level 11. HP: 108/108 MP: 10/10
     8 | D        | Reached XP level 12. HP: 116/116 MP: 11/11
     8 | D        | Reached XP level 13. HP: 123/123 MP: 12/12
     9 | D        | Noticed a bag of meat
    10 | D        | Killed a bag of meat
    10 | D        | Reached * piety under Makhleb
    10 | D        | Reached skill level 15 in Fighting
    11 | D        | Noticed a bag of meat
    12 | D        | Noticed a bag of meat
    12 | D        | Noticed a meat berserker
    12 | D        | Noticed a meat berserker
    12 | D        | Killed a bag of meat
    12 | D        | Reached XP level 14. HP: 101/137 MP: 13/13
    14 | D        | Killed a bag of meat
    14 | D        | Reached skill level 27 in Axes
    15 | D        | Killed a bag of meat
    15 | D        | Reached ** piety under Makhleb
    15 | D        | Reached skill level 27 in Dodging
    15 | D        | Reached XP level 15. HP: 155/155 MP: 14/14
    16 | D        | Killed a meat berserker
    17 | D        | Noticed a large bag of meat
    18 | D        | Noticed a meat berserker
    19 | D        | Reached skill level 27 in Fighting
    19 | D        | Reached XP level 16. HP: 183/183 MP: 15/15
    20 | D        | Reached *** piety under Makhleb
    20 | D        | Noticed a destroyer
    21 | D        | Killed a meat berserker
    21 | D        | Reached skill level 27 in Throwing
    21 | D        | Reached XP level 17. HP: 191/191 MP: 16/16
    22 | D        | Slain by a destroyer

Skill      XL: |  1  2  3  4  5  6  7  8  9 10 11 12 13 14 15 16 |
---------------+-------------------------------------------------+-----
Fighting       | 13 16 20 27 | 27.0
Axes           | 23 26 27 | 27.0
Throwing       | 11 13 16 21 27 | 27.0
Dodging        | 21 24 27 | 27.0
Armour         | 17 | 17.2

Action                   |  1- 3 |  4- 6 |  7- 9 | 10-12 | 13-15 | 16-18 || total
-------------------------+-------+-------+-------+-------+-------+-------++-------
Melee: Executioner's axe |     1 |       |       |       |     6 |     2 ||     9
Dodge: Dodged            |       |       |       |       |     2 |       ||     2
